 Dungeon Crawl Stone Soup version 0.30-a0-930-gb9d0489357 (webtiles) character file.

Game seed: 15528732527784811565

816 sanka the Firebug (level 7, -2/55 HPs)
             Began as a Demonspawn Cinder Acolyte on Mar 23, 2023.
             Was a High Priest of Ignis.
             Splashed by a jelly's acid (6 damage)
             ... on level 5 of the Dungeon.
             The game lasted 00:11:07 (4593 turns).

sanka the Firebug (Demonspawn Cinder Acolyte)       Turns: 4593, Time: 00:11:08

Health: -2/55      AC:  7    Str: 14    XL:     7   Next: 62%
Magic:  11/13      EV: 12    Int: 16    God:    Ignis [*****.]
Gold:   172        SH:  0    Dex: 10    Spells: 13/15 levels left

rFire   . . .      SeeInvis .    p - +2 dagger (elec)
rCold   + . .      Faith    .    (no shield)
rNeg    . . .      Spirit   .    b - +0 robe
rPois   .          Reflect  .    (helmet restricted)
rElec   .          Rampage  .    (no cloak)
rCorr   .                        h - +0 pair of gloves
Will    .....                    (no boots)
Stlth   +                        y - amulet of magic regeneration
HPRegen 0.29/turn                f - +4 ring of protection
MPRegen 0.53/turn                e - ring of ice

@: no status effects
A: hooves 1, horns 1, foul stench 2
a: Renounce Religion, Fiery Armour, Foxfire Swarm, Rising Flame


You were on level 5 of the Dungeon.
You worshipped Ignis.
Ignis was extremely pleased with you.
You visited 1 branch of the dungeon, and saw 6 of its levels.

You collected 332 gold pieces.
You spent 160 gold pieces at shops.


Innate Abilities, Weirdness & Mutations

You have large cloven feet.
You have a pair of small horns on your head.
You sometimes emit foul miasma when damaged in melee.


   Skills:
 + Level 4.7 Fighting
 - Level 2.6 Maces & Flails
 + Level 3.0 Dodging
 + Level 4.6 Spellcasting
 - Level 5.0 Fire Magic


You had 13 spell levels left.
You knew the following spells:

 Your Spells              Type           Power      Damage    Failure   Level
y - Scorch                Fire           38%        2d6       3%          2

Your spell library contained the following spells:

 Spells                   Type           Power      Damage    Failure   Level
 Static Discharge         Conj/Air       6%         2-3/arc   24%         2
 Vhi's Electric Charge    Tloc/Air       6%         N/A       43%         3
 Fireball                 Conj/Fire      5%         3d5       85%         5
 Plasma Beam              Fire/Air       5%         2x1d17    85%         5
 Arcjolt                  Conj/Air       1%         1d11      99%         5
 Iskenderun's Battlesphe  Conj           3%         2d6       99%         5
 Conjure Ball Lightning   Conj/Air       1%         3x3d6     100%        6
 Orb of Destruction       Conj           1%         9d5       100%        7

Inventory:

Hand Weapons
 a - a -1 mace of flaming
 p - a +2 dagger of electrocution (weapon)
Armour
 b - a +0 robe (worn)
 h - a +0 pair of gloves (worn)
Jewellery
 e - a ring of ice (right hand)
 f - a +4 ring of protection (left hand)
 s - a ring of see invisible
 y - an amulet of magic regeneration (around neck)
Wands
 l - a wand of polymorph (5)
 r - a wand of digging (7)
 E - a wand of iceblast (3)
Scrolls
 c - 2 scrolls of teleportation {@r4}
 i - a scroll of noise {!r}
 j - 2 scrolls of fear
 k - 2 scrolls of amnesia
 o - a scroll of enchant armour
 q - 3 scrolls of immolation {!r}
 u - 3 scrolls of fog
 x - a scroll of torment {!r}
 B - 2 scrolls of magic mapping
 D - a scroll of poison {!r}
 G - a scroll of blinking
Potions
 d - 3 potions of haste {@q3}
 g - a potion of flight {unknown}
 m - 2 potions of degeneration {unknown}
 n - a potion of might {unknown}
 t - a potion of invisibility {unknown}
 v - a potion of mutation {unknown}
 w - a potion of brilliance {unknown}
 z - a potion of heal wounds {unknown}
 A - 2 potions of lignification {unknown}
 F - a potion of resistance {unknown}

Dungeon Overview and Level Annotations

Branches:
Dungeon (6/15)             Temple (0/1) D:4

Altars:
Sif Muna
Uskayaw

Shops:
D:3 :**[*   D:4 **(?= D:5

** ............▒ ▒.▒
▒.▒▒.▒ ..........▒.▒ ▒.▒
▒.▒▒.▒
.▒▒▒▒▒▒▒▒.▒.▒▒▒▒▒.▒▒▒.▒▒.▒
.▒▒▒ ▒................▒
...▒ ▒.▒....[.▒▒▒▒▒▒▒▒▒
▒▒.▒▒ ▒.▒..<...▒
▒...▒▒▒▒▒.▒.▒▒.▒▒▒
.......▒...▒.▒.▒▒▒
....▒.......▒.ll6▒
....▒........▒.▒J▒
..▒............▒.▒
....▒........▒.▒.▒
▒..▒▒.......▒▒.▒.▒
▒...▒..▒...▒▒▒.▒.▒
▒.........▒▒ ▒.▒.▒
▒...▒..▒▒▒▒▒ ▒.▒.▒
▒..........▒▒▒.▒.▒


You could see 2 iguanas and a jelly.


Message History

You hit the iguana but do no damage. Your kick misses the iguana.
You headbutt the iguana, but do no damage.
The iguana is heavily wounded.
The iguana closely misses you. The jelly hits you but does no damage.
The iguana bites you.
* * * LOW HITPOINT WARNING * * *
The iguana bites you but does no damage.
The jelly hits you.
* * * LOW HITPOINT WARNING * * *
You are splashed with acid!
* * * LOW HITPOINT WARNING * * *
The iguana bites you!
* * * LOW HITPOINT WARNING * * *
You emit a cloud of foul miasma!
You climb upwards.
There is a stone staircase leading down here.
The jelly misses you. The iguana bites you!
* * * LOW HITPOINT WARNING * * *
Unknown command.
Flames lash the iguana.
The iguana is lightly wounded.
The iguana's fire resistance burns away.
The iguana is no longer more vulnerable to fire.
The jelly hits you.
* * * LOW HITPOINT WARNING * * *
You are splashed with acid.
You die...

Action                     |  1- 3 |  4- 6 |  7- 9 || total
---------------------------+-------+-------+-------++-------
  Melee: Mace              |    91 |    17 |       ||   108
         Kick              |    12 |    18 |     3 ||    33
         Dagger            |       |   110 |    18 ||   128
         Headbutt          |       |    14 |     4 ||    18
         Unarmed           |       |     4 |       ||     4
         Punch             |       |     1 |       ||     1
   Cast: Scorch            |     2 |    33 |    14 ||    49
    Use: Scroll            |       |    11 |       ||    11
         Potion            |       |       |     1 ||     1
   Stab: Sleeping          |     2 |       |       ||     2
         Confused          |       |     1 |       ||     1
 Armour: Robe              |    19 |    44 |    11 ||    74
  Dodge: Dodged            |    57 |    88 |    19 ||   164

Levels and vault maps discovered:
D:1:      ebering_trefoil_3fold, layout_basic
D:2:      minmay_chambers_of_ones, layout_rooms, serial_curves, eino_curves_04,
          eino_curves_04, eino_curves_04, eino_curves_01, uniq_robin
D:3:      minmay_bubble_buster, layout_basic,
          shapermc_ecumenical_altar_flowoftime, serial_shops,
          nicolae_square_shop, nicolae_shop_crystal, shop, shop,
          nicolae_diamond_shop, minmay_unequal
D:4:      layout_rooms, lemuel_doored_altar, minmay_temple_entry_water_ring,
          serial_shops, nicolae_stop_n_shop_1, shop, shop, shop, shop
D:5:      layout_loops_ring, lemuel_blue_sif_altar, nicolae_specific_store,
          uniq_ijyb, uniq_eustachio
D:6:      layout_basic, hellmonk_ghost_happy_afterlife,
          hangedman_decor_riveting, hex_large, nicolae_nh_oracle_at_delphi

Notes
Turn   | Place    | Note
-------+----------+-------------------------------------------
     0 | D:1      | sanka the Demonspawn Cinder Acolyte began the quest for the
                  | Orb.
     0 | D:1      | Reached XP level 1. HP: 18/18 MP: 2/2
   152 | D:1      | Reached skill level 3 in Fire Magic
   152 | D:1      | You feel monstrous as your demonic heritage exerts itself.
   152 | D:1      | Discovered your monstrous ancestry.
   152 | D:1      | Gained mutation: You have large cloven feet. [demonic
                  | ancestry]
   152 | D:1      | Reached XP level 2. HP: 20/24 MP: 4/4
   627 | D:1      | Reached skill level 2 in Spellcasting
   835 | D:1      | Reached XP level 3. HP: 29/29 MP: 6/6
   946 | D:1      | Learned a level 2 spell: Scorch
  1324 | D:2      | Gained mutation: You have a pair of small horns on your
                  | head. [demonic ancestry]
  1324 | D:2      | Reached XP level 4. HP: 35/35 MP: 4/7
  1499 | D:2      | Noticed Robin
  1513 | D:2      | Killed Robin
  1992 | D:3      | Found Hil Giri's Book Shoppe.
  2015 | D:3      | Reached skill level 4 in Fire Magic
  2031 | D:3      | Found Cotukhla's Assorted Antiques.
  2063 | D:3      | Reached skill level 3 in Spellcasting
  2148 | D:3      | Found Ushrell's Armour Shoppe.
  2176 | D:3      | Found Jataucir's General Store.
  2245 | D:3      | Found Onin's General Store.
  2396 | D:3      | Reached XP level 5. HP: 26/41 MP: 0/9
  2777 | D:3      | Found a faded altar of an unknown god.
  2903 | D:4      | Reached skill level 1 in Dodging
  2991 | D:4      | Found a staircase to the Ecumenical Temple.
  3011 | D:4      | Noticed an ogre
  3017 | D:4      | Killed an ogre
  3018 | D:4      | Gained mutation: You may rarely emit foul miasma when
                  | damaged in melee. [demonic ancestry]
  3018 | D:4      | Reached XP level 6. HP: 47/47 MP: 5/11
  3121 | D:4      | Found Vusamal's Weapon Emporium.
  3177 | D:4      | Found Kaoczy's Magic Scroll Boutique.
  3264 | D:4      | Found Neweizat's General Store.
  3286 | D:4      | Found Ownuec's Assorted Antiques.
  3323 | D:4      | Reached skill level 2 in Dodging
  3328 | D:4      | Reached skill level 4 in Fighting
  3341 | D:4      | Reached skill level 4 in Spellcasting
  3452 | D:4      | Found a hide-covered altar of Uskayaw.
  3511 | D:4      | Found Hyehis's Jewellery Boutique.
  3661 | D:3      | Bought a scroll of identify for 22 gold pieces
  3661 | D:3      | Bought a potion of curing for 33 gold pieces
  3696 | D:5      | Entered Level 5 of the Dungeon
  3838 | D:5      | Found a shimmering blue altar of Sif Muna.
  3917 | D:5      | Noticed Ijyb
  3935 | D:5      | Killed Ijyb
  3936 | D:5      | Gained mutation: You sometimes emit foul miasma when
                  | damaged in melee. [demonic ancestry]
  3936 | D:5      | Reached XP level 7. HP: 46/54 MP: 2/13
  3938 | D:5      | Reached skill level 5 in Fire Magic
  4045 | D:5      | Noticed Eustachio
  4068 | D:5      | Killed Eustachio
  4169 | D:5      | Reached skill level 3 in Dodging
  4355 | D:5      | Found Piqeraan's Specific Store.
  4357 | D:5      | Found Iwoe's General Store.
  4369 | D:5      | Bought a scroll of blinking for 105 gold pieces
  4590 | D:6      | HP: 1/55 [iguana (11)]
  4593 | D:5      | Splashed by a jelly's acid

Vanquished Creatures
  Eustachio (D:5)
  An ogre (D:4)
  2 phantoms
  A scorpion (D:5)
  An orc priest (D:4)
  A hound (D:4)
  2 iguanas (D:4)
  Ijyb (D:5)
  2 orc wizards
  Robin (D:2)
  6 adders
  A worm (D:2)
  4 dart slugs
  15 orcs
  7 ball pythons
  6 endoplasms
  4 giant cockroaches
  13 goblins
  7 hobgoblins
  12 kobolds
  7 quokkas
  4 bats
  4 frilled lizards (D:1)
  4 rats
107 creatures vanquished.

Vanquished Creatures (others)
  5 plants (D:3)
  2 withered plants (D:3)
7 creatures vanquished.

Grand Total: 114 creatures vanquished
